NCAA
LOUISIANA STATE TIGERS @ KANSAS JAYHAWKS
05/21/2030
 
TOP OF THE 1ST
Louisiana State Tigers batting - Pitching for Kansas Jayhawks : LHP John Rich
Pitching: LHP John Rich
Batting: RHB Fernando Rodríguez 0-0: Foul Ball, location: 2F
0-1: Ball
1-1: Foul Ball, location: 2F
1-2: Strikes out looking
Batting: RHB Devin Taylor 0-0: Called Strike
0-1: Foul Ball, location: 2F
0-2: Strikes out swinging
Batting: LHB Jerry Flatt 0-0: SINGLE (Flyball, 7S)
Batting: LHB Rick Owens 0-0: Ball
1-0: Foul Ball, location: 2F
1-1: Swinging Strike
1-2: Ball
2-2: Ground out 4-3 (Groundball, 4)
Top of the 1st over - 0 runs, 1 hit, 0 errors, 1 left on base; Louisiana State 0 - Kansas 0
BOTTOM OF THE 1ST
Kansas Jayhawks batting - Pitching for Louisiana State Tigers : RHP Miguel Casillas
Pitching: RHP Miguel Casillas
Batting: SHB Herb Mitchell 0-0: Swinging Strike
0-1: Ball
1-1: SINGLE (Groundball, 56D)
Batting: LHB Kevin Ferguson 0-0: Called Strike
0-1: 2-RUN HOME RUN (Flyball, 89XD), Distance : 385 ft
Batting: RHB Peyton Ryan 0-0: Called Strike
0-1: SOLO HOME RUN (Flyball, 7LD), Distance : 339 ft
Batting: RHB Sidney Gilbert 0-0: Ball
1-0: Ball
2-0: DOUBLE (Line Drive, 78D)
Batting: RHB William Haas 0-0: Ball
1-0: Fly out, F8 (Flyball, 89D)
Runner from 2nd tags up, SAFE at 3rd, no throw
Batting: LHB José Pueblo 0-0: Foul Ball, location: 2F
0-1: Fly out, F8 (Flyball, 8RD)
Runner from 3rd tags up, OUT at HOME
Bottom of the 1st over - 3 runs, 4 hits, 0 errors, 0 left on base; Louisiana State 0 - Kansas 3
TOP OF THE 2ND
Louisiana State Tigers batting - Pitching for Kansas Jayhawks : LHP John Rich
Batting: LHB Mark Potter 0-0: Ball
1-0: Called Strike
1-1: Ball
2-1: Ball
3-1: Base on Balls
Batting: LHB Enrique Carrillo 0-0: Ball
1-0: Foul Ball, location: 2F
1-1: Foul Ball, location: 2F
1-2: Strikes out looking
Batting: RHB Bill Sharp 0-0: Ball
1-0: SINGLE (Line Drive, 78S)
Mark Potter to second
Batting: SHB Alberto Vázquez 0-0: Called Strike
0-1: Called Strike
0-2: Ball
1-2: Foul Ball, location: 2F
1-2: Ball
2-2: Foul Ball, location: 2F
2-2: Ball
3-2: Foul Ball, location: 2F
3-2: Base on Balls
Mark Potter to third
Bill Sharp to second
Batting: RHB Ethan Ramos 0-0: Grounds into double play, 4-6-3 (Groundball, 4)
Top of the 2nd over - 0 runs, 1 hit, 0 errors, 2 left on base; Louisiana State 0 - Kansas 3
BOTTOM OF THE 2ND
Kansas Jayhawks batting - Pitching for Louisiana State Tigers : RHP Miguel Casillas
Batting: LHB Daniel Miller 0-0: Ball
1-0: Ground out 3-1 (Groundball, 34S)
Batting: LHB Jason Rogers 0-0: Ball
1-0: Called Strike
1-1: SOLO HOME RUN (Flyball, 9LD), Distance : 341 ft
Batting: RHB Julius Shelton 0-0: Swinging Strike
0-1: Called Strike
0-2: Strikes out swinging
Batting: SHB Herb Mitchell 0-0: Ball
1-0: Ball
2-0: Called Strike
2-1: Ball
3-1: Called Strike
3-2: Strikes out swinging
Bottom of the 2nd over - 1 run, 1 hit, 0 errors, 0 left on base; Louisiana State 0 - Kansas 4
TOP OF THE 3RD
Louisiana State Tigers batting - Pitching for Kansas Jayhawks : LHP John Rich
Batting: RHB Fernando Rodríguez 0-0: Called Strike
0-1: Ball
1-1: Ground out 5-3 (Groundball, 5)
Batting: RHB Devin Taylor 0-0: Swinging Strike
0-1: Ball
1-1: Foul Ball, location: 2F
1-2: Ball
2-2: Ball
3-2: Base on Balls
Batting: LHB Jerry Flatt 0-0: Called Strike
0-1: Ball
1-1: Ball
2-1: Ball
3-1: Foul Ball, location: 2F
3-2: Strikes out swinging
Batting: LHB Rick Owens 0-0: Ball
1-0: Called Strike
1-1: 2-RUN HOME RUN (Line Drive, 9LD), Distance : 335 ft
Batting: LHB Mark Potter 0-0: Ball
1-0: SINGLE (Line Drive, 8RS)
Batting: LHB Enrique Carrillo 0-0: Ball
1-0: Ball
2-0: Ball
3-0: Base on Balls
Mark Potter to second
Batting: RHB Bill Sharp 0-0: Ball
1-0: Ground out 1-3 (Groundball, P)
Top of the 3rd over - 2 runs, 2 hits, 0 errors, 2 left on base; Louisiana State 2 - Kansas 4
BOTTOM OF THE 3RD
Kansas Jayhawks batting - Pitching for Louisiana State Tigers : RHP Miguel Casillas
Batting: LHB Kevin Ferguson 0-0: Called Strike
0-1: Ball
1-1: Reached on error, E6 (Groundball, 6)
Batting: RHB Peyton Ryan 0-0: Ball
1-0: Called Strike
1-1: Ball
2-1: Swinging Strike
2-2: Fly out, F3 (Line Drive, 34)
Batting: RHB Sidney Gilbert 0-0: Foul Ball, location: 2F
0-1: Called Strike
0-2: Strikes out swinging
Batting: RHB William Haas 0-0: Called Strike
0-1: Ball
1-1: Ball
2-1: Ground out 6-3 (Groundball, 6S)
Bottom of the 3rd over - 0 runs, 0 hits, 1 error, 1 left on base; Louisiana State 2 - Kansas 4
TOP OF THE 4TH
Louisiana State Tigers batting - Pitching for Kansas Jayhawks : LHP John Rich
Batting: SHB Alberto Vázquez 0-0: SOLO HOME RUN (Flyball, 9LD), Distance : 338 ft
Batting: RHB Ethan Ramos 0-0: Foul Ball, location: 2F
0-1: Called Strike
0-2: Foul Ball, location: 2F
0-2: Foul Ball, location: 2F
0-2: Strikes out swinging
Batting: RHB Fernando Rodríguez 0-0: Ground out 6-3 (Groundball, 6)
Batting: RHB Devin Taylor 0-0: Ball
1-0: Ball
2-0: Called Strike
2-1: Ball
3-1: Foul Ball, location: 2F
3-2: SINGLE (Line Drive, 7LS)
Batting: LHB Jerry Flatt 0-0: Ball
1-0: Called Strike
1-1: Called Strike
1-2: Ball
2-2: Foul Ball, location: 2F
2-2: Strikes out looking
Top of the 4th over - 1 run, 2 hits, 0 errors, 1 left on base; Louisiana State 3 - Kansas 4
BOTTOM OF THE 4TH
Kansas Jayhawks batting - Pitching for Louisiana State Tigers : RHP Miguel Casillas
Batting: LHB José Pueblo 0-0: Called Strike
0-1: Foul Ball, location: 2F
0-2: Ball
1-2: SINGLE (Flyball, 9LM)
Batting: LHB Daniel Miller 0-0: Called Strike
0-1: Ball
1-1: Ball
2-1: Called Strike
2-2: Strikes out swinging
Batting: LHB Jason Rogers 0-0: Foul Ball, location: 2F
0-1: Ball
1-1: Ball
2-1: Foul Ball, location: 2F
2-2: Ball
3-2: Base on Balls
José Pueblo to second
Batting: RHB Julius Shelton 0-0: Foul Ball, location: 2F
0-1: Ball
1-1: Ball
2-1: Swinging Strike
2-2: Strikes out swinging
Batting: SHB Herb Mitchell 0-0: Ball
1-0: Called Strike
1-1: Foul Ball, location: 2F
1-2: SINGLE (Groundball, 3S) (infield hit)
José Pueblo to third
Jason Rogers to second
Batting: LHB Kevin Ferguson 0-0: Swinging Strike
0-1: Ball
1-1: Ball
2-1: Ball
3-1: Base on Balls
José Pueblo scores
Jason Rogers to third
Herb Mitchell to second
Pitching: RHP Bartolo Cantú
Batting: RHB Peyton Ryan 0-0: Ball
1-0: Ball
2-0: Called Strike
2-1: Called Strike
2-2: Foul Ball, location: 2F
2-2: Ball
3-2: Foul Ball, location: 2F
3-2: SINGLE (Groundball, 56) (infield hit)
Jason Rogers scores
Herb Mitchell to third
Kevin Ferguson to second
Batting: RHB Sidney Gilbert 0-0: Swinging Strike
0-1: Called Strike
0-2: Ball
1-2: Strikes out swinging
Bottom of the 4th over - 2 runs, 3 hits, 0 errors, 3 left on base; Louisiana State 3 - Kansas 6
TOP OF THE 5TH
Louisiana State Tigers batting - Pitching for Kansas Jayhawks : LHP John Rich
Batting: LHB Rick Owens 0-0: Called Strike
0-1: Ball
1-1: Fly out, F7 (Flyball, 7)
Pitching: RHP Zach Martin
Batting: LHB Mark Potter 0-0: Swinging Strike
0-1: Ball
1-1: Fly out, F6 (Line Drive, 6M)
Batting: LHB Enrique Carrillo 0-0: Called Strike
0-1: Called Strike
0-2: Ball
1-2: Ball
2-2: Ball
3-2: Foul Ball, location: 2F
3-2: Base on Balls
Batting: RHB Bill Sharp 0-0: Foul Ball, location: 2F
0-1: Foul Ball, location: 2F
0-2: Fly out, F9 (Flyball, 9)
Top of the 5th over - 0 runs, 0 hits, 0 errors, 1 left on base; Louisiana State 3 - Kansas 6
BOTTOM OF THE 5TH
Kansas Jayhawks batting - Pitching for Louisiana State Tigers : RHP Bartolo Cantú
Batting: RHB William Haas 0-0: Called Strike
0-1: Swinging Strike
0-2: Ball
1-2: Strikes out swinging
Batting: LHB José Pueblo 0-0: Ball
1-0: Foul Ball, location: 2F
1-1: Ball
2-1: Foul Ball, location: 2F
2-2: Ball
3-2: SINGLE (Groundball, 4MD)
Batting: LHB Daniel Miller 0-0: Called Strike
0-1: Foul Ball, location: 2F
0-2: Ball
1-2: Ball
2-2: Strikes out looking
Batting: LHB Jason Rogers 0-0: Ball
1-0: 2-RUN HOME RUN (Flyball, 9LD), Distance : 336 ft
Batting: RHB Julius Shelton 0-0: Ball
1-0: Ground out U3 (Groundball, 34S)
Bottom of the 5th over - 2 runs, 2 hits, 0 errors, 0 left on base; Louisiana State 3 - Kansas 8
TOP OF THE 6TH
Louisiana State Tigers batting - Pitching for Kansas Jayhawks : RHP Zach Martin
Batting: SHB Alberto Vázquez 0-0: Swinging Strike
0-1: Called Strike
0-2: Strikes out looking
Batting: RHB Ethan Ramos 0-0: Called Strike
0-1: Swinging Strike
0-2: Strikes out looking
Batting: RHB Fernando Rodríguez 0-0: Ball
1-0: Ball
2-0: Ball
3-0: Called Strike
3-1: Ground out 6-3 (Groundball, 6)
Top of the 6th over - 0 runs, 0 hits, 0 errors, 0 left on base; Louisiana State 3 - Kansas 8
BOTTOM OF THE 6TH
Kansas Jayhawks batting - Pitching for Louisiana State Tigers : RHP Bartolo Cantú
Batting: SHB Herb Mitchell 0-0: Called Strike
0-1: Ball
1-1: Swinging Strike
1-2: Strikes out swinging
Batting: LHB Kevin Ferguson 0-0: Ball
1-0: Swinging Strike
1-1: Ball
2-1: Called Strike
2-2: Strikes out swinging
Batting: RHB Peyton Ryan 0-0: Ball
1-0: Foul Ball, location: 2F
1-1: SINGLE (Groundball, 34D)
Batting: RHB Sidney Gilbert 0-0: Ground out U3 (Groundball, 3)
Bottom of the 6th over - 0 runs, 1 hit, 0 errors, 1 left on base; Louisiana State 3 - Kansas 8
TOP OF THE 7TH
Louisiana State Tigers batting - Pitching for Kansas Jayhawks : RHP Zach Martin
Batting: RHB Devin Taylor 0-0: Ball
1-0: Ball
2-0: Called Strike
2-1: Called Strike
2-2: Ball
3-2: Foul Ball, location: 2F
3-2: Ground out 6-3 (Groundball, 6M)
Batting: LHB Jerry Flatt 0-0: Ball
1-0: Ball
2-0: Fly out, F7 (Flyball, 7)
Batting: LHB Rick Owens 0-0: Ball
1-0: Ball
2-0: Called Strike
2-1: Called Strike
2-2: Strikes out looking
Top of the 7th over - 0 runs, 0 hits, 0 errors, 0 left on base; Louisiana State 3 - Kansas 8
BOTTOM OF THE 7TH
Kansas Jayhawks batting - Pitching for Louisiana State Tigers : RHP Bartolo Cantú
Batting: RHB William Haas 0-0: Called Strike
0-1: Ball
1-1: Swinging Strike
1-2: Strikes out swinging
Batting: LHB José Pueblo 0-0: Ball
1-0: Swinging Strike
1-1: SINGLE (Flyball, 78S)
Pitching: RHP Cecil De La Garza
Batting: LHB Daniel Miller 0-0: Ball
1-0: Foul Ball, location: 2F
1-1: Ball
2-1: Ball
3-1: Base on Balls
José Pueblo to second
Batting: LHB Jason Rogers 0-0: Called Strike
0-1: Called Strike
0-2: Foul Ball, location: 2F
0-2: Foul Ball, location: 2F
0-2: Strikes out looking
Batting: RHB Julius Shelton 0-0: Ball
1-0: Swinging Strike
1-1: 3-RUN HOME RUN (Flyball, 7LD), Distance : 336 ft
Batting: SHB Herb Mitchell 0-0: Foul Ball, location: 2F
0-1: Ball
1-1: Ground out 6-3 (Groundball, 6)
Bottom of the 7th over - 3 runs, 2 hits, 0 errors, 0 left on base; Louisiana State 3 - Kansas 11
TOP OF THE 8TH
Louisiana State Tigers batting - Pitching for Kansas Jayhawks : RHP Zach Martin
Now in CF: Luis Viña
Batting: LHB Mark Potter 0-0: Called Strike
0-1: Swinging Strike
0-2: Strikes out swinging
Batting: LHB Enrique Carrillo 0-0: Ball
1-0: Fly out, F9 (Flyball, 9S)
Batting: RHB Bill Sharp 0-0: Ball
1-0: Called Strike
1-1: Ball
2-1: Ball
3-1: Base on Balls
Batting: SHB Alberto Vázquez 0-0: Foul Ball, location: 2F
0-1: Ball
1-1: Foul Ball, location: 2F
1-2: Foul Ball, location: 2F
1-2: Ball
2-2: Strikes out swinging
Top of the 8th over - 0 runs, 0 hits, 0 errors, 1 left on base; Louisiana State 3 - Kansas 11
BOTTOM OF THE 8TH
Kansas Jayhawks batting - Pitching for Louisiana State Tigers : RHP Cecil De La Garza
Batting: LHB Kevin Ferguson 0-0: Foul Ball, location: 2F
0-1: Ball
1-1: Ball
2-1: Ball
3-1: Called Strike
3-2: Foul Ball, location: 2F
3-2: Strikes out looking
Batting: RHB Peyton Ryan 0-0: Ball
1-0: Called Strike
1-1: Called Strike
1-2: Foul Ball, location: 2F
1-2: Strikes out swinging
Batting: RHB Sidney Gilbert 0-0: Called Strike
0-1: Ball
1-1: Swinging Strike
1-2: Foul Ball, location: 2F
1-2: Foul Ball, location: 2F
1-2: Hit by Pitch
Batting: RHB William Haas 0-0: Ball
1-0: Fly out, F7 (Flyball, 7)
Bottom of the 8th over - 0 runs, 0 hits, 0 errors, 1 left on base; Louisiana State 3 - Kansas 11
TOP OF THE 9TH
Louisiana State Tigers batting - Pitching for Kansas Jayhawks : RHP Zach Martin
Batting: RHB Ethan Ramos 0-0: Fly out, F7 (Flyball, 7S)
Batting: RHB Fernando Rodríguez 0-0: Called Strike
0-1: Swinging Strike
0-2: Ball
1-2: Foul Ball, location: 2F
1-2: Strikes out swinging
Batting: RHB Devin Taylor 0-0: Ball
1-0: Foul Ball, location: 2F
1-1: Foul Ball, location: 2F
1-2: Foul Ball, location: 2F
1-2: Ball
2-2: Ball
3-2: Fly out, F5 (Line Drive, 56D)
Top of the 9th over - 0 runs, 0 hits, 0 errors, 0 left on base; Louisiana State 3 - Kansas 11
Saturday, April 7th, 2018 - OOTP Baseball 18.8 Build 76